 Dungeon Crawl Stone Soup version 0.17-a0-2171-ga91b4ec (webtiles) character file.

233 Goblin1989 the Skirmisher (level 5, -1/42 HPs)
             Began as a Mummy Fighter on Oct 25, 2015.
             Slain by a gnoll
             ... wielding a +0 spear
              (3 damage)
             ... on level 4 of the Dungeon.
             The game lasted 00:08:02 (2840 turns).

Goblin1989 the Skirmisher (Mummy Fighter)           Turns: 2840, Time: 00:08:02

Health: -1/42      AC:  8    Str: 20    XL:     5   Next: 74%
Magic:  5/5        EV:  7    Int:  8    God:
Gold:   146        SH:  9    Dex: 11    Spells: 0 memorised, 4 levels left

rFire  x . .     SeeInvis .     a - +0 flail
rCold  + . .     Clarity  .     b - +0 scale mail
rNeg   + + +     SustAt   .     c - +0 shield
rPois  ∞         Gourm    .     (no helmet)
rElec  .         Spirit   .     (no cloak)
rCorr  .         Warding  .     (no gloves)
rMut   .         Stasis   .     d - +0 pair of boots
MR     .....                    (no amulet)
Stlth  ..........               (no ring)
                                (no ring)

@: not resistant to hostile enchantments, extremely unstealthy
A: no food or potions, fire vulnerability, cold resistance 1, negative energy
resistance 3, torment resistance, unbreathing
a: no special abilities


You were on level 4 of the Dungeon.
You were not hungry.

You visited 1 branch of the dungeon, and saw 4 of its levels.

You collected 146 gold pieces.

Inventory:

Hand Weapons
 a - a +0 flail (weapon)
Armour
 b - a +0 scale mail (worn)
 c - a +0 shield (worn)
 d - a +0 pair of boots (worn)
Jewellery
 h - an uncursed ring of protection from fire {unknown}
 i - an uncursed amulet of regeneration {unknown}
 k - an uncursed ring of magical power {unknown}
Scrolls
 e - a scroll of teleportation
 f - 2 scrolls of remove curse {unknown}
 g - a scroll of recharging
 j - a scroll of identify


   Skills:
 + Level 4.0 Fighting
 * Level 3.0 Maces & Flails
 + Level 3.3 Armour
 + Level 3.4 Shields


You had 4 spell levels left.
You didn't know any spells.

Dungeon Overview and Level Annotations

Branches:
Dungeon (4/15)
 Temple: D:4-7

Altars:
Dithmenos
Elyvilon
Nemelex Xobeh
Sif Muna
Trog
Xom
Zin


Innate Abilities, Weirdness & Mutations

You do not eat or drink.
Your flesh is vulnerable to fire.
You are immune to poison.
Your flesh is cold resistant.
You are immune to negative energy.
You are immune to unholy pain and torment.
You can survive without breathing.


Message History

Your Fighting skill increases to level 4!
The gnoll hits you. The gnoll hits you but does no damage.
You hit the gnoll shaman.
The gnoll shaman is lightly wounded.
The gnoll barely misses you. The gnoll hits you but does no damage.
The gnoll shaman barely misses you. The gnoll barely misses you.
You hit the gnoll shaman.
The gnoll shaman is moderately wounded.
You block the gnoll's attack. The gnoll hits you.
* * * LOW HITPOINT WARNING * * *
You block the gnoll's attack.
The gnoll shaman hits you with a whip of flaming.
* * * LOW HITPOINT WARNING * * *
The gnoll shaman burns you.
* * * LOW HITPOINT WARNING * * *
The gnoll hits you but does no damage. x3
You closely miss the gnoll shaman.
The gnoll shaman is moderately wounded.
The gnoll hits you from afar with a spear.
You die...

.. #....#...'...#..#[ ..
#....'..##≈[..#.). #.
#....#..##≈...##.#
..##..#....#..+#≈≈....#.
......#....#..##≈≈≈.....
......'....#..##≈≈≈≈....
......#....#..##≈≈≈≈≈≈≈≈
#+##. #....#..##########
# #@g..#..# #gg..#
#gg.!# #....# .....#
.....# .....# #....
......# #.... #####....


You could see a gnoll shaman and 4 gnolls.

Vanquished Creatures
  An orc wizard (D:4)
  An orc priest (D:4)
  A hound skeleton (D:4)
  Robin (D:3)
  2 gnolls
  4 adders
  An ooze (D:1)
  A worm (D:2)
  An adder skeleton (D:4)
  A giant gecko (D:3)
  8 orcs
  4 giant cockroaches
  13 goblins
  11 hobgoblins
  8 jackals
  2 quokkas
  3 bats
  4 giant newts
  3 kobolds
  7 rats
77 creatures vanquished.

Notes
Turn   | Place    | Note
--------------------------------------------------------------
     0 | D:1      | Goblin1989 the Mummy Fighter began the quest for the Orb.
     0 | D:1      | Reached XP level 1. HP: 18/18 MP: 1/1
   137 | D:1      | Found a sparkling altar of Nemelex Xobeh.
   302 | D:1      | Reached XP level 2. HP: 20/24 MP: 2/2
   500 | D:1      | Reached XP level 3. HP: 21/29 MP: 3/3
  1255 | D:2      | Found a glowing silver altar of Zin.
  1256 | D:2      | Noticed an angel
  1394 | D:3      | Noticed Robin
  1416 | D:3      | Reached XP level 4. HP: 27/35 MP: 4/4
  1461 | D:3      | Killed Robin
  1584 | D:3      | Found a shimmering altar of Xom.
  1623 | D:3      | Found a sparkling altar of Nemelex Xobeh.
  1625 | D:3      | Found a deep blue altar of Sif Muna.
  1627 | D:3      | Found a bloodstained altar of Trog.
  1800 | D:3      | Found a white marble altar of Elyvilon.
  2150 | D:3      | Found a shadowy altar of Dithmenos.
  2409 | D:4      | Reached XP level 5. HP: 23/42 MP: 5/5
  2440 | D:4      | HP: 1/42 [orc wizard/club (2)]
  2837 | D:4      | Reached skill level 4 in Fighting
  2839 | D:4      | HP: 2/42 [gnoll shaman/whip of flaming (3)]
  2840 | D:4      | Slain by a gnoll

Vault maps used:
D:1:      eino_arrival_cavern_b, moated_statue, nemelex_diamond_rough_becter
D:2:      zin_angel, first_bread
D:3:      lemuel_doored_altar, overflow_temple_1_default, lemuel_round_altar,
          grunt_temple_overflow_open, portal_sewer_entry_e, uniq_robin
D:4:      serial_glass, glass_columns_c, glass_columns_c, glass_columns_b,
          glass_columns_a, glass_columns_c, glass_columns_b,
          kennysheep_generic_room_2

Action                   |  1- 3 |  4- 6 || total
-------------------------+-------+-------++-------
Melee: Flail             |   168 |   164 ||   332
  Use: Scroll            |       |     3 ||     3
